AoeStats
← ✪Gạo trắng

Black Forest

509139994Analyzed
4v4 RM · 8d ago on Sep 25, 2026· 52m 50s· 8 players
Game mode
Random Map
Map size
Large (8 player)
Population
200
Speed
Normal
Resources
Standard
Victory
Conquest
Starting age
Dark Age
Ending age
Imperial Age
RankedLock teamsTeams togetherTeam positionsShared explorationLock speedFull tech treeHidden civsTurbo modeCheats
Victory
Defeat
🇵🇱 Saxons · Poland
1146
+15
🇨🇿 Teutons · Czechia
1144
+15
🇵🇪 Hindustanis · Peru
1124
+16
🇻🇳 Turks · Vietnam
1122
+16
🇹🇼 Magyars · Taiwan
1160
-17
🇹🇼 Varangians · Taiwan
1149
-16
🇨🇳 Britons · China
1112
-15
🇹🇼 Cumans · Taiwan
1084
-24
✪Gạo trắng
0:50 Loom
14:06 Feudal Age
20:43 Castle Age
19:15 Double-Bit Axe
19:13 Horse Collar
24:25 Squires
34:15 Town Watch
39:59 Wheelbarrow
39:44 Fletching
39:40 Treadmill Crane
41:50 Bodkin Arrow
44:34 Ballistics
47:04 Imperial Age
45:43 Stone Mining
45:43 Gold Mining
45:55 Heavy Plow
46:18 Bow Saw
47:07 Hand Cart
49:14 Bracer
49:24 Forging
49:14 Scale Mail Armor
53:14 Chain Mail Armor
53:34 Iron Casting
Sir Cumcised
0:27 Loom
10:26 Feudal Age
11:17 Double-Bit Axe
15:45 Castle Age
14:21 Horse Collar
19:05 Bow Saw
19:59 Wheelbarrow
24:29 Hand Cart
23:59 Town Watch
24:53 Scale Mail Armor
27:24 Heavy Plow
27:58 Forging
28:03 Chain Mail Armor
31:19 Imperial Age
30:09 Iron Casting
29:25 Fletching
30:11 Squires
29:56 Arson
31:43 Gold Mining
31:45 Stone Mining
31:35 Elite Hearth Troop
31:38 Shield Wall
32:51 Plate Mail Armor
32:17 Bodkin Arrow
32:44 Caravan
32:34 Elite Varangian Guard
32:36 Pikeman
33:42 Bracer
33:48 Scale Barding Armor
33:44 Padded Archer Armor
39:59 Leather Archer Armor
40:05 Chain Barding Armor
40:40 Halberdier
40:41 Man-at-Arms
41:08 Gambesons
41:33 Siege Engineers
42:29 Chemistry
41:50 Ballistics
41:26 Murder Holes
42:30 Gold Shaft Mining
43:07 Two-Man Saw
48:01 Treadmill Crane
48:31 Fortified Wall
48:32 Masonry
49:01 Hoardings
48:47 Conscription
48:03 Sappers
50:17 Long Swordsman
51:32 Ring Archer Armor
51:48 Crop Rotation
marshall_o18
1:00 Loom
12:51 Feudal Age
20:21 Castle Age
18:33 Double-Bit Axe
19:57 Horse Collar
30:29 Imperial Age
30:06 Grand Trunk Road
32:23 Chemistry
31:52 Arson
31:30 Pikeman
32:11 Squires
33:23 Town Watch
38:10 Padded Archer Armor
38:00 Fletching
40:53 Scale Mail Armor
41:03 Forging
45:50 Leather Archer Armor
45:31 Bodkin Arrow
45:51 Chain Mail Armor
46:12 Iron Casting
49:32 Ring Archer Armor
50:58 Gold Mining
DESTINNI
1:00 Loom
10:06 Feudal Age
10:44 Double-Bit Axe
10:39 Horse Collar
14:29 Gold Mining
16:13 Town Watch
19:46 Castle Age
21:29 Town Patrol
21:51 Bow Saw
21:41 Heavy Plow
21:36 Stone Mining
22:32 Wheelbarrow
25:09 Scale Barding Armor
25:33 Forging
27:33 Bloodlines
27:45 Chain Barding Armor
32:14 Iron Casting
33:05 Fletching
37:37 Imperial Age
36:06 Hand Cart
36:08 Bodkin Arrow
36:13 Padded Archer Armor
35:37 Elite Skirmisher
38:22 Leather Archer Armor
39:24 Crenellations
40:10 Ring Archer Armor
44:04 Stone Shaft Mining
47:36 Crop Rotation
47:43 Plate Barding Armor
48:09 Blast Furnace
52:06 Caravan
Equestris
0:26 Loom
17:17 Feudal Age
21:14 Castle Age
19:26 Double-Bit Axe
19:48 Horse Collar
23:41 Fletching
25:19 Bodkin Arrow
34:31 Imperial Age
33:33 Wheelbarrow
44:36 Elite Skirmisher
月華栞
0:31 Loom
16:03 Feudal Age
16:13 Man-at-Arms
29:34 Fletching
49:25 Castle Age
49:08 Horse Collar
50:13 Double-Bit Axe
53:26 Bow Saw
53:19 Heavy Plow
saintOAO
11:17 Feudal Age
12:19 Loom
15:37 Castle Age
13:35 Double-Bit Axe
14:07 Horse Collar
16:28 Bow Saw
17:34 Wheelbarrow
24:21 Stone Mining
28:31 Fletching
31:15 Imperial Age
29:03 Hand Cart
29:53 Bodkin Arrow
29:59 Padded Archer Armor
30:35 Ballistics
30:20 Husbandry
31:04 Thumb Ring
33:41 Parthian Tactics
33:45 Gold Mining
34:04 Bracer
35:20 Chemistry
33:45 Heavy Cavalry Archer
34:43 Recurve Bow
35:15 Conscription
37:12 Two-Man Saw
36:13 Heavy Plow
36:21 Corvinian Army
37:11 Leather Archer Armor
37:03 Scale Barding Armor
36:44 Elite Magyar Huszar
40:51 Gold Shaft Mining
40:49 Crop Rotation
41:50 Ring Archer Armor
41:53 Chain Barding Armor
装b哥
12:37 Feudal Age
16:28 Castle Age
14:40 Horse Collar
15:04 Double-Bit Axe
17:31 Wheelbarrow
18:04 Loom
23:58 Heavy Plow
24:49 Bow Saw
25:51 Gold Mining
27:10 Hand Cart
27:38 Padded Archer Armor
27:29 Fletching
31:16 Imperial Age
29:04 Caravan
29:29 Leather Archer Armor
28:52 Pikeman
29:18 Gambesons
29:34 Squires
29:19 Arson
29:00 Crossbowman
29:01 Elite Skirmisher
30:54 Bodkin Arrow
32:00 Ballistics
31:52 Masonry
31:42 Murder Holes
31:24 Arbalester
31:28 Cranequins
33:15 Gold Shaft Mining
33:13 Ring Archer Armor
32:22 Sappers
33:33 Guilds
34:12 Conscription
36:28 Chemistry
35:34 Bracer
37:10 Husbandry
36:33 Light Cavalry
36:34 Cavalier
37:25 Scale Barding Armor
37:32 Forging
37:40 Halberdier
37:41 Man-at-Arms
39:40 Chain Barding Armor
39:56 Iron Casting
39:49 Long Swordsman
41:23 Warwolf
41:46 Yeomen
51:49 Two-Man Saw
Connection lost

Rejoining the realm…

Still unreachable

The connection could not be restored.

Session expired

The server has moved on; the page needs a fresh start.